 Dungeon Crawl Stone Soup version 0.25-a0-478-g33c61bdccf (webtiles) character file.

Game seed: 9420625920151506939, levelgen mode: deterministic

202 kae the Magician (level 5, 0/40 HPs)
             Began as a Draconian Transmuter on Feb 8, 2020.
             Succumbed to Robin's poison
             ... on level 4 of the Dungeon.
             The game lasted 00:03:39 (3023 turns).

kae the Magician (Draconian Transmuter)             Turns: 3023, Time: 00:03:40

Health: 0/40       AC:  2    Str: 18    XL:     5   Next: 50%
Magic:  11/11      EV: 19    Int: 13    God:
Gold:   110        SH:  0    Dex: 17    Spells: 6/12 levels left

rFire    . . .     SeeInvis .     - Unarmed
rCold    . . .     Gourm    .   (shield currently unavailable)
rNeg     . . .     Faith    .   (armour unavailable)
rPois    x         Spirit   .   (helmet currently unavailable)
rElec    .         Reflect  .   (cloak currently unavailable)
rCorr    .         Harm     .   (gloves currently unavailable)
MR       .....                  (boots currently unavailable)
Stlth    ++........             (no amulet)
HPRegen  0.13/turn              (no ring)
MPRegen  0.12/turn              (no ring)

@: mighty, lethally poisoned (0 -> -15), spider-form (expiring), hasted, very
quick
A: tiny, unfitting armour, AC +5
a: End Transformation


You were on level 4 of the Dungeon.
You were near starving.
You were a venomous arachnid creature.
You visited 1 branch of the dungeon, and saw 4 of its levels.

You collected 110 gold pieces.

Inventory:

Missiles
 a - 68 arrows
Armour
 b - a +0 pair of boots (melded)
 n - a +2 hat (melded)
Jewellery
 d - a cursed -3 ring of dexterity {unknown}
 m - a +1 ring of evasion
Wands
 r - a wand of flame (20)
Scrolls
 e - 2 scrolls of remove curse
 g - 2 scrolls of teleportation
 h - 2 scrolls of enchant weapon
 p - a scroll of fog
Potions
 f - a potion of haste
 i - a potion of brilliance
 o - a potion of invisibility
Comestibles
 c - 4 rations


   Skills:
 - Level 1.1 Fighting
 - Level 1.7 Dodging
 + Level 4.0 Unarmed Combat
 - Level 4.0 Spellcasting
 + Level 3.4 Transmutations


You had 6 spell levels left.
You knew the following spells:

 Your Spells              Type           Power        Failure   Level  Hunger
a - Beastly Appendage     Tmut           ##....       16%         1    None
b - Sticks to Snakes      Tmut           ##......     21%         2    ##.....
c - Spider Form           Tmut/Pois      #.........   52%         3    ###....

Your spell library contained the following spells:

 Spells                   Type           Power        Failure   Level  Hunger
 Ice Form                 Ice/Tmut       #.......     87%         4    ####...
 Blade Hands              Tmut           ##........   93%         5    ######.


Dungeon Overview and Level Annotations

Branches:
Dungeon (4/15)
 Temple: D:4-7

Altars:
Nemelex Xobeh

Annotations:
D:2 1 runed translucent door, Crazy Yiuf
D:3 exclusions: 2 orcs and orc priest


Innate Abilities, Weirdness & Mutations

((Your plain brown scales are hard. (AC +5)))
You cannot fit into any form of body armour.
((You are cold-blooded and may be slowed by cold attacks.))


Message History

There is a lethal amount of poison in your body!
Magic courses through your body.
* * * LOW HITPOINT WARNING * * *
You feel sick.
You feel yourself speed up.
* * * LOW HITPOINT WARNING * * *
You feel sick.
* * * LOW HITPOINT WARNING * * *
You feel sick.
* * * LOW HITPOINT WARNING * * *
You feel sick.
Things that are here:
a +0 club; 12 stones Really crawl into that dispersal trap?
You enter a dispersal trap!
You blink.
* * * LOW HITPOINT WARNING * * *
You feel sick.
There is a lethal amount of poison in your body!
There is a lethal amount of poison in your body!
You die...

...........(.#
#...........(#
#..(.........#
#.....>...)<.##
#.........^.†.#
#..........)..##
##.............#
##.......)....#
##.s.........#
##..........#
##.........#
##........#
##.....###
#.##### #.# ##.#
#.##


There were no monsters in sight!

Vanquished Creatures
  Terence (D:2)
  Robin (D:4)
  4 gnolls (D:3)
  3 adders
  3 worms (D:3)
  2 dart slugs
  2 leopard geckos
  10 orcs (D:3)
  5 ball pythons
  3 bats
  2 giant cockroaches (D:1)
  14 goblins
  9 hobgoblins
  3 quokkas
  2 frilled lizards
  5 kobolds
  6 rats
75 creatures vanquished.

Vanquished Creatures (collateral kills)
  A goblin (D:2)
  A bat (D:2)
2 creatures vanquished.

Vanquished Creatures (others)
  A goblin (D:4)
1 creature vanquished.

Grand Total: 78 creatures vanquished

Notes
Turn   | Place    | Note
-------+----------+-------------------------------------------
     0 | D:1      | kae the Draconian Transmuter began the quest for the Orb.
     0 | D:1      | Reached XP level 1. HP: 16/16 MP: 3/3
    14 | D:1      | Noticed a minotaur skeleton
   169 | D:1      | Reached XP level 2. HP: 23/23 MP: 3/5
   173 | D:1      | Learned a level 2 spell: Sticks to Snakes
   756 | D:2      | Reached XP level 3. HP: 23/28 MP: 7/7
   805 | D:2      | Learned a level 3 spell: Spider Form
   846 | D:2      | Noticed Terence
   861 | D:2      | Killed Terence
   861 | D:2      | Reached XP level 4. HP: 33/35 MP: 5/8
  1028 | D:2      | Found a runed translucent door.
  1029 | D:2      | Noticed Crazy Yiuf
  1850 | D:3      | Found a sparkling altar of Nemelex Xobeh.
  2289 | D:3      | Reached XP level 5. HP: 26/40 MP: 7/10
  2619 | D:4      | Noticed Robin
  3009 | D:4      | Killed Robin
  3020 | D:4      | HP: 2/40 [poisoned by Robin]
  3023 | D:4      | Succumbed to Robin's poison

Levels and vault maps discovered:
D:1:      shiori_arrival_whats_in_store_for_you, layout_rooms,
          serial_park_tiny_1
D:2:      layout_loops_ring, minmay_goblin_outpost, uniq_crazy_yiuf_cottage,
          uniq_terence
D:3:      layout_basic, nemelex_lonely_heart_becter
D:4:      layout_cave_pods, uniq_robin

Skill      XL: |  1  2  3  4  5 |
---------------+----------------+-----
Spellcasting   | 3 4 |  4.0
Transmutations | 3 |  3.4
Unarmed Combat | 4 |  4.0
Fighting       | |  1.1
Dodging        | |  1.7

Action                   |  1- 3 |  4- 6 || total
-------------------------+-------+-------++-------
Melee: Unarmed           |    97 |   146 ||   243
       Tailslap          |    10 |     8 ||    18
       Headbutt          |     5 |     7 ||    12
       Kick              |     1 |       ||     1
       Punch             |       |     1 ||     1
 Cast: Beastly Appendage |    13 |    12 ||    25
       Spider Form       |     1 |     8 ||     9
       Sticks to Snakes  |     1 |       ||     1
  Use: Scroll            |     4 |     5 ||     9
       Potion            |       |     8 ||     8
 Stab: Sleeping          |     1 |     1 ||     2
  Eat: Chunk             |       |     7 ||     7
Armor: Skin              |    34 |    38 ||    72
Dodge: Dodged            |    78 |   122 ||   200

Table legend:
 A = Non-vault XP
 B = Vault XP
 C = Vault XP percentage of total XP
 D = Non-vault monster count
 E = Vault monster count
 F = Vault count percentage of total count
                 A         B        C        D         E       F
            +---------+---------+-------+---------+---------+-------
      Total |     208 |      81 |  28.0 |      59 |      18 |  23.4
            +---------+---------+-------+---------+---------+-------
        D:1 |      22 |       0 |   0.0 |      14 |       0 |   0.0
        D:2 |      35 |      48 |  57.8 |      12 |       8 |  40.0
        D:3 |     149 |       0 |   0.0 |      32 |       0 |   0.0
        D:4 |       2 |      33 |  94.3 |       1 |      10 |  90.9
            +---------+---------+-------+---------+---------+-------
